 Dungeon Crawl Stone Soup version 0.23-a0-435-g79ed067 (webtiles) character file.

4537 Lavandula the Grappler (level 10, -6/63 HPs)
             Began as an Octopode Hunter on Nov 16, 2018.
             Was a Follower of Ru.
             Killed from afar by Erolcha (28 damage)
             ... with a wand of acid (5)
             ... on level 10 of the Dungeon.
             The game lasted 00:35:51 (5191 turns).

Lavandula the Grappler (Octopode Hunter)            Turns: 5191, Time: 00:35:51

Health: -6/63      AC: -7    Str: 18    XL:     10   Next: 40%
Magic:  12/13      EV: 15    Int: 17    God:    Ru [*.....]
Gold:   458        SH:  8    Dex: 13    Spells: 5/12 levels left

rFire    + . .     SeeInvis +   b - +10 spear of Guumac {pierce, +Blink rF+}
rCold    . . .     Gourm    .   i - +3 buckler
rNeg     . . .     Faith    .   (helmet restricted)
rPois    +         Spirit   .   k - amulet of rage
rElec    .         Reflect  .   p - ring of poison resistance
rCorr    .         Harm     .   s - +3 ring of strength
MR       .....                  L - ring of see invisible
Stlth    +++.......             O - +4 ring of intelligence
HPRegen  0.20/turn              (no ring)
MPRegen  0.13/turn              (no ring)
                                (no ring)
                                (no ring)

@: no potions, corroded, berserk cooldown, slowed, very slow
A: almost no armour, stealthy swim, amphibious, 8 rings, constrict 8, camouflage
1, gelatinous body 1, inability to drink while threatened
a: Renounce Religion, Evoke Blink, Evoke Berserk Rage


You were on level 10 of the Dungeon.
You worshipped Ru.
Ru was aware of your devotion.
You were very hungry.

You visited 2 branches of the dungeon, and saw 12 of its levels.
You also visited: Ossuary.

You collected 521 gold pieces.
You spent 63 gold pieces at shops.

Inventory:

Hand Weapons
 b - the +10 spear of Guumac (weapon) {pierce, +Blink rF+}
   (You found it on level 6 of the Dungeon)

   It inflicts extra damage upon your enemies.
   It protects you from fire.
   It lets you blink.
 r - a +0 hunting sling
 w - a +0 spear
 P - a +0 blowgun
Missiles
 c - 4 throwing nets
 h - 2 javelins (quivered)
 C - 29 poisoned needles
 E - 26 sling bullets
Armour
 i - a +3 buckler (worn)
Jewellery
 k - an amulet of rage (around mantle)
 p - a ring of poison resistance (left tentacle)
 s - a +3 ring of strength (right tentacle)
 L - a ring of see invisible (on tentacle)
 O - a +4 ring of intelligence (on tentacle)
Wands
 d - a wand of random effects (14)
 v - a wand of polymorph (8)
 z - a wand of flame (46)
 B - a wand of acid (17)
 J - a wand of clouds (7)
Scrolls
 l - 7 scrolls of remove curse
 m - 2 scrolls of enchant weapon {unknown}
 q - 5 scrolls of immolation
 u - 3 scrolls of amnesia
 y - a scroll of teleportation {unknown}
 D - a scroll of fog {unknown}
 H - a scroll of magic mapping {unknown}
 I - a scroll of random uselessness {unknown}
 N - a scroll of enchant armour
Potions
 a - 3 potions of lignification {unknown}
 e - a potion of cancellation {unknown}
 f - 5 potions of curing
 g - 2 potions of might
 j - 2 potions of agility
 n - a potion of haste {unknown}
 o - a potion of flight {unknown}
 F - a potion of brilliance {unknown}
 G - a potion of invisibility {unknown}
 M - a potion of resistance {unknown}
Miscellaneous
 K - a box of beasts
Comestibles
 A - 3 rations


   Skills:
 - Level 4.0 Fighting
 - Level 6.9 Polearms
 - Level 4.0 Throwing
 - Level 4.3 Dodging
 - Level 1.3 Stealth
 - Level 4.2 Shields
 - Level 10.1 Unarmed Combat
 + Level 1.8 Spellcasting
 - Level 4.1 Evocations


You had 5 spell levels left.
You knew the following spells:

 Your Spells              Type           Power        Failure   Level  Hunger
a - Blink                 Tloc           N/A          30%         2    ###....
b - Call Imp              Summ           #.......     30%         2    ###....
c - Mephitic Cloud        Conj/Pois/Air  #.......     52%         3    ###....

Your spell library contained the following spells:

 Spells                   Type           Power        Failure   Level  Hunger
 Magic Dart               Conj           #...         21%         1    #......
 Slow                     Hex            #.......     30%         2    ###....
 Conjure Flame            Conj/Fire      #.......     52%         3    ###....


Dungeon Overview and Level Annotations

Branches:
Dungeon (11/15)            Temple (1/1) D:4            Lair (0/6) D:9
    Orc (0/2) D:11

Altars:
Ashenzari
Dithmenos
Elyvilon
Fedhas
Gozag
Hepliaklqana
Makhleb
Qazlal
Ru
Trog
Yredelemnul
Zin

Shops:
D:4 *   D:11 :

Annotations:
D:4 Sigmund
D:7 1 runed door, phyphor's ghost, novice SpEn
D:10 Erolcha


Innate Abilities, Weirdness & Mutations

You cannot wear most types of armour.
You are very stealthy in the water. (Stealth+)
You are amphibious.
You can wear up to eight rings at the same time.
You can use your tentacles to constrict eight enemies at once.
Your skin changes colour to match your surroundings (Stealth+).
Your rubbery body absorbs attacks. (AC +1, EV +1)
You cannot drink potions while threatened.


Message History

Erolcha zaps a wand.
The bolt of acid hits you! The acid corrodes you!
You are splashed with acid!
The acid burns!
You barely miss Erolcha. You squeeze Erolcha!
Erolcha is severely wounded.
You are no longer berserk.
You are exhausted.
You feel yourself slow down. The adder completely misses you.
Unknown command.
As you read the scroll of fear, it crumbles to dust.
You assume a fearsome visage.
Erolcha resists with almost no effort.
The adder looks frightened!
You block Erolcha's attack. Erolcha barely misses you.
Okay, then.
Okay, then.
You cannot drink potions in your current state!
Unknown command.
Okay, then.
You blink.
You feel slightly more hungry.
Erolcha zaps a wand.
The bolt of acid hits you!
You die...

### ######## #..
#......## #.. #....†..#
###.. #...§...# #....
#..O....# #.... #
#..@....# #.... #
............#### #....
..S..
.....###.S.....#####....
##..... .....
#........#........
....... ....
#........#......##
...... ...
.................>#
....F .
..............)....# ..#
.............##..... ..#
...x.........##.....


You could see Erolcha and an adder (fleeing).

Vanquished Creatures
  An unseen horror (D:10)
  Pikel (D:7)
  A troll (D:6)
  Eustachio (D:4)
  2 hungry ghosts (D:10)
  2 ice beasts (D:6)
  An orc warrior (D:11)
  2 phantoms
  3 slaves (D:7)
  2 ogres
  A big kobold (D:11)
  4 bullfrogs
  A scorpion (D:5)
  A water moccasin skeleton (D:6)
  6 killer bees (D:10)
  4 crimson imps
  4 centaur zombies
  A quasit (D:10)
  2 human zombies (Ossuary)
  2 hounds
  A centaur skeleton (D:10)
  4 orc priests
  4 jellies
  2 bullfrog skeletons
  5 iguanas
  7 orc wizards
  5 worker ants
  2 big kobold zombies (Ossuary)
  2 hound zombies
  4 hound skeletons
  2 mummies (Ossuary)
  A worker ant zombie (D:9)
  6 gnolls
  12 adders
  A shadow imp (D:9)
  5 oozes (D:9)
  3 adder zombies
  An adder skeleton (D:9)
  3 dart slugs
  2 leopard geckos
  21 orcs
  3 bats
  2 giant cockroaches
  A gnoll zombie (Ossuary)
  6 goblins
  10 hobgoblins
  7 jackals
  9 kobolds
  2 frilled lizards
  4 hobgoblin zombies (Ossuary)
  2 jackal zombies (Ossuary)
  4 kobold zombies (Ossuary)
  2 orc zombies (Ossuary)
  6 quokka zombies (Ossuary)
  6 rats
  4 rat zombies (Ossuary)
203 creatures vanquished.

Notes
Turn   | Place    | Note
-------+----------+-------------------------------------------
     0 | D:1      | Lavandula the Octopode Hunter began the quest for the Orb.
     0 | D:1      | Reached XP level 1. HP: 14/14 MP: 1/1
    39 | D:1      | Reached skill level 1 in Unarmed Combat
   126 | D:1      | Reached XP level 2. HP: 19/19 MP: 2/2
   143 | D:2      | Reached skill level 2 in Unarmed Combat
   227 | D:1      | Reached XP level 3. HP: 24/24 MP: 3/3
   316 | D:2      | Reached skill level 3 in Unarmed Combat
   380 | D:2      | Found a blossoming altar of Fedhas.
   614 | D:3      | Reached XP level 4. HP: 29/29 MP: 4/4
   619 | D:3      | Reached skill level 4 in Unarmed Combat
   632 | D:3      | Found a faded altar of an unknown god.
   797 | D:3      | Reached XP level 5. HP: 34/34 MP: 5/5
   969 | D:5      | Entered Level 5 of the Dungeon
   974 | D:5      | Reached skill level 5 in Unarmed Combat
  1016 | D:5      | Found a stormy altar of Qazlal.
  1078 | D:5      | Reached XP level 6. HP: 19/39 MP: 6/6
  1082 | D:5      | Learned a level 2 spell: Blink
  1085 | D:5      | Learned a level 2 spell: Call Imp
  1116 | D:5      | Noticed a troll
  1210 | D:6      | Found a sand-covered staircase.
  1288 | Ossuary  | Entered an ossuary
  1342 | Ossuary  | Reached skill level 6 in Unarmed Combat
  1738 | Ossuary  | Reached skill level 7 in Unarmed Combat
  1738 | Ossuary  | Reached XP level 7. HP: 39/45 MP: 7/7
  1995 | Ossuary  | Reached skill level 1 in Evocations
  2066 | D:6      | Killed a troll
  2090 | D:6      | Found a bloodstained altar of Trog.
  2307 | D:6      | Reached XP level 8. HP: 50/50 MP: 11/11
  2356 | D:7      | Reached skill level 8 in Unarmed Combat
  2455 | D:7      | Noticed phyphor's ghost (novice SpEn)
  2456 | D:7      | Found a runed door.
  3046 | D:7      | Noticed Pikel
  3059 | D:7      | Killed Pikel
  3059 | D:7      | Reached skill level 9 in Unarmed Combat
  3157 | D:6      | HP: 2/75 [orc/+0 club (4)]
  3170 | D:6      | Reached skill level 10 in Unarmed Combat
  3309 | D:6      | Reached XP level 9. HP: 56/56 MP: 12/12
  3411 | D:6      | Got a shimmering spear
  3470 | D:6      | Found a white marble altar of Elyvilon.
  3551 | D:6      | Reached skill level 1 in Shields
  3789 | D:4      | Found Pioxtoqir's Assorted Antiques.
  3871 | D:4      | Bought a scroll labeled TISUFFA HEO for 21 gold pieces
  3871 | D:4      | Bought a scroll labeled OMAOC FUYCW for 21 gold pieces
  3871 | D:4      | Bought a scroll labeled DATIOP EZAR for 21 gold pieces
  3875 | D:4      | Noticed Eustachio
  3883 | D:4      | Killed Eustachio
  3940 | D:4      | Found a staircase to the Ecumenical Temple.
  4024 | Temple   | Entered the Ecumenical Temple
  4043 | Temple   | Became a worshipper of Ru the Awakened
  4255 | D:4      | Noticed Sigmund
  4263 | D:4      | You fall through a shaft for 3 floors!
  4417 | D:9      | Identified the +10 spear of Guumac {pierce, +Blink rF+}
                  | (You found it on level 6 of the Dungeon)
  4429 | D:9      | Found a staircase to the Lair.
  4468 | D:9      | Reached skill level 1 in Polearms
  4682 | D:10     | Entered Level 10 of the Dungeon
  4857 | D:10     | Gained mutation: You cannot drink potions while threatened.
                  | [Ru sacrifice]
  4857 | D:10     | Reached * piety under Ru
  4860 | D:10     | Reached XP level 10. HP: 49/63 MP: 13/13
  4944 | D:10     | Reached skill level 5 in Polearms
  5062 | D:10     | Noticed an unseen horror
  5068 | D:10     | Killed an unseen horror
  5100 | D:11     | Found Teozyete's Book Emporium.
  5100 | D:11     | Found a staircase to the Orcish Mines.
  5139 | D:11     | Learned a level 3 spell: Mephitic Cloud
  5160 | D:10     | Noticed an unseen horror
  5178 | D:10     | Reached skill level 1 in Spellcasting
  5178 | D:10     | Noticed Erolcha
  5191 | D:10     | Killed from afar by Erolcha

Vault maps used:
D:1:      saegor_arrival_simple_a, serial_forest, infiniplex_forest_lined_4_way,
          infiniplex_forest_lined_3, infiniplex_forest_straight_2,
          infiniplex_forest_zigzag_1, hangedman_decor_growths, tso_metal_star
D:2:      fedhas_altar_2
D:3:      chequers_ecumenical_altar_simple, chequers_serial_rivers_large_a,
          minmay_misc_feat_x
D:4:      minmay_temple_entry_crystal_x, first_ration, serial_shops,
          nicolae_shop_temple_entry_statues_fountains, uniq_crazy_yiuf_cottage,
          uniq_sigmund, uniq_eustachio
D:5:      kennysheep_mini_moat, fiery_altar_vehumet, makhleb_blood_cavern_becter
D:6:      basic_altar, nicolae_ossuary_entry_plus, trog_hazing_becter
D:7:      gammafunk_ghost_grave, uniq_pikel
D:8:      serial_shops, shop
D:9:      lair_entry_dummy, hangedman_little_slice_of_home
D:10:     nicolae_ru_path_of_blood, uniq_gastronok, uniq_fannar, uniq_erolcha
D:11:     orc_0_dummy, serial_shops, shop
Temple:   regret_index_temple_chain_breaker
Ossuary:  minmay_ossuary_two_tombs

Skill      XL: |  1  2  3  4  5  6  7  8  9 10 |
---------------+-------------------------------+-----
Unarmed Combat | 1 2 3 4 5 7 10 | 10.1
Evocations     | 4 |  4.1
Fighting       | 3 4 |  4.0
Shields        | 4 |  4.2
Dodging        | 4 |  4.3
Polearms       | 4 6 |  6.9
Spellcasting   | 1 |  1.8
Throwing       | |  4.0
Stealth        | |  1.3

Action                   |  1- 3 |  4- 6 |  7- 9 | 10-12 || total
-------------------------+-------+-------+-------+-------++-------
Melee: Unarmed           |    39 |   115 |   169 |       ||   323
       Constrict         |    13 |    32 |    47 |    10 ||   102
       Tentacles         |     9 |    25 |    44 |     7 ||    85
       Punch             |       |     4 |    14 |     3 ||    21
       Spear             |       |       |    60 |    45 ||   105
 Fire: Hunting sling     |       |    13 |    34 |       ||    47
Throw: Javelin           |    12 |    19 |    24 |       ||    55
Invok: Sacrifice Drink   |       |       |     1 |       ||     1
 Abil: Evoke Berserk Rag |       |     1 |    17 |     3 ||    21
       Evoke Blink       |       |       |       |     1 ||     1
Evoke: Wand              |       |       |     2 |       ||     2
  Use: Scroll            |       |     6 |     9 |     1 ||    16
       Potion            |       |       |     2 |       ||     2
 Stab: Sleeping          |     4 |     4 |    10 |       ||    18
  Eat: Ration            |       |     1 |     2 |     1 ||     4
       Chunk             |       |     1 |    18 |       ||    19
Armor: Skin              |     2 |     4 |     7 |     1 ||    14
Dodge: Dodged            |    21 |    35 |   104 |    16 ||   176
Block: Buckler           |       |       |    16 |    10 ||    26

Table legend:
 A = Non-vault XP
 B = Vault XP
 C = Vault XP percentage of total XP
 D = Non-vault monster count
 E = Vault monster count
 F = Vault count percentage of total count
                 A         B        C        D         E       F
            +---------+---------+-------+---------+---------+-------
      Total |    5108 |    1374 |  21.2 |     149 |      51 |  25.5
            +---------+---------+-------+---------+---------+-------
        D:1 |      24 |       0 |   0.0 |      12 |       0 |   0.0
        D:2 |      55 |       0 |   0.0 |      12 |       0 |   0.0
        D:3 |     112 |       0 |   0.0 |      20 |       0 |   0.0
        D:4 |     469 |     191 |  28.9 |      16 |       1 |   5.9
        D:5 |     341 |       0 |   0.0 |       7 |       0 |   0.0
        D:6 |    1022 |      12 |   1.2 |      23 |       6 |  20.7
        D:7 |     343 |     651 |  65.5 |       8 |       1 |  11.1
        D:8 |     300 |       0 |   0.0 |      11 |       0 |   0.0
        D:9 |     315 |     157 |  33.3 |      14 |       8 |  36.4
       D:10 |    1804 |       0 |   0.0 |      16 |       0 |   0.0
       D:11 |     323 |       0 |   0.0 |      10 |       0 |   0.0
    Ossuary |       0 |     363 | 100.0 |       0 |      35 | 100.0
            +---------+---------+-------+---------+---------+-------
